AoeStats
← Minerva

Arabia

506741568Analyzed
1v1 RM · 19d ago on Sep 14, 2026· 52m 35s· 2 players
Game mode
Random Map
Map size
Tiny (2 player)
Population
200
Speed
Normal
Resources
Standard
Victory
Conquest
Starting age
Dark Age
Ending age
Imperial Age
RankedLock teamsTeams togetherTeam positionsShared explorationLock speedFull tech treeHidden civsTurbo modeCheats
Victory
Defeat
🇨🇦 Armenians · Canada
663
+14
🇨🇦 Franks · Canada
616
-14
onejonesy
7:23 Loom
10:44 Feudal Age
21:32 Castle Age
19:35 Scale Mail Armor
19:36 Padded Archer Armor
20:20 Scale Barding Armor
21:20 Stone Mining
21:21 Gold Mining
21:45 Forging
21:26 Fletching
21:50 Pikeman
22:55 Double-Bit Axe
23:50 Bow Saw
25:02 Husbandry
25:53 Gold Shaft Mining
29:03 Fortified Wall
29:12 Chain Mail Armor
30:46 Iron Casting
31:04 Murder Holes
33:24 Chain Barding Armor
32:59 Guard Tower
37:52 Wheelbarrow
40:41 Imperial Age
38:25 Fervor
39:58 Masonry
40:50 Bodkin Arrow
41:11 Leather Archer Armor
41:20 #83
41:52 Siege Engineers
42:18 Architecture
41:23 Cavalier
43:57 Elite Throwing Axeman
46:15 Plate Barding Armor
Minerva
10:53 Feudal Age
11:22 Double-Bit Axe
13:50 Pikeman
16:09 Horse Collar
20:57 Gold Mining
23:24 Castle Age
21:52 Stone Mining
23:11 Scale Mail Armor
24:45 Halberdier
29:41 Fletching
30:08 Chain Mail Armor
30:04 Squires
30:47 Elite Skirmisher
32:28 Forging
32:09 Arson
32:36 Bodkin Arrow
33:17 Bow Saw
39:47 Imperial Age
37:54 Wheelbarrow
37:07 Town Watch
37:18 Gambesons
38:03 Ballistics
37:54 Masonry
38:28 Iron Casting
39:25 Town Patrol
40:16 Padded Archer Armor
41:09 Fereters
41:33 Bracer
42:39 Chemistry
43:37 Leather Archer Armor
44:06 Elite Composite Bowman
48:11 Ring Archer Armor
51:13 Blast Furnace
50:44 Plate Mail Armor
Connection lost

Rejoining the realm…

Still unreachable

The connection could not be restored.

Session expired

The server has moved on; the page needs a fresh start.